 Dungeon Crawl Stone Soup version 0.31.0-11-ge490571c62 (webtiles) character file.

Game seed: 17987268022653501012

166 hikkokomori the Conjurer (level 5, -2/30 HPs)
             Began as a Deep Elf Conjurer on Feb 3, 2024.
             Slain by an ogre
             ... wielding a +0 giant club
              (32 damage)
             ... on level 4 of the Dungeon.
             The game lasted 00:04:02 (2904 turns).

hikkokomori the Conjurer (Deep Elf Conjurer)        Turns: 2904, Time: 00:04:03

Health: -2/30      AC:  4    Str:  4    XL:     5   Next: 22%
Magic:  10/14      EV: 12    Int: 25    God:
Gold:   197        SH:  0    Dex: 13    Spells: 3/13 levels left

rFire   . . .        q - +2 sling (flame)
rCold   . . .        (no shield)
rNeg    . . .        a - +0 robe
rPois   .            (no helmet)
rElec   .            k - +0 cloak
rCorr   .            (no gloves)
SInv    .            l - +0 pair of boots
Will    .....        (no amulet)
Stlth   ++           (no ring)
HPRegen 0.25/turn    (no ring)
MPRegen 0.14/turn

%: no passive effects
@: no status effects
A: no striking features
a: no special abilities


You were on level 4 of the Dungeon.
You visited 1 branch of the dungeon, and saw 4 of its levels.

You collected 197 gold pieces.

Inventory:

Hand Weapons
 e - a +0 dagger
 h - a +2 spear of freezing
 o - a +0 morningstar
 p - a +0 whip of electrocution
 q - a +2 sling of flaming (weapon)
Missiles
 f - 3 boomerangs
Armour
 a - a +0 robe (worn)
 k - a +0 cloak (worn)
 l - a +0 pair of boots (worn)
Scrolls
 d - a scroll of enchant weapon {unknown}
 i - 2 scrolls of teleportation
 j - a scroll of amnesia {unknown}
 m - a scroll of vulnerability
 n - a scroll of silence {unknown}
Potions
 b - a potion of magic
 c - a potion of attraction
 g - 2 potions of heal wounds


   Skills:
 - Level 2.2 Fighting
 + Level 0.1 Ranged Weapons
 - Level 2.4 Dodging
 - Level 2.4 Stealth
 - Level 4.8 Spellcasting
 - Level 5.4 Conjurations
 + Level 0.0 Alchemy


You had 3 spell levels left.
You knew the following spells:

 Your Spells              Type           Power      Damage    Failure   Level
a - Magic Dart            Conj           100%       1d8       1%          1
b - Searing Ray           Conj           66%        2d6       1%          2
c - Ozocubu's Armour      Ice            6%         N/A       26%         3
d - Fulminant Prism       Conj/Alch      9%         3d7       26%         4

Your spell library contained the following spells:

 Spells                   Type           Power      Damage    Failure   Level
 Fugue of the Fallen      Necr           6%         N/A       26%         3
 Iskenderun's Mystic Bla  Conj/Tloc      19%        2d6       26%         4
 Manifold Assault         Tloc           6%         N/A       63%         4


Dungeon Overview and Level Annotations

Branches:
Dungeon (4/15)
 Temple: D:4-7

Altars:

Shops:
D:1 ?   D:3 [


Message History

Aiming: Fulminant Prism (extremely dangerous; 26% risk of failure)
Press: ? - help, Dir - move target You conjure a prism of explosive energy!
A fulminant prism comes into view.
Fire: q) +2 sling (flame)
Press: ? - help, Shift-Dir - straight line, f - ogre
Aim: an ogre, wielding a +0 giant club (ally target, 73% to hit)
You shoot a sling bullet.
The sling bullet barely misses the ogre.
Your fulminant prism crackles loudly.
Unknown command.
Unknown command.
Fire: q) +2 sling (flame)
Press: ? - help, Shift-Dir - straight line, f/p - ogre
Aim: an ogre, wielding a +0 giant club (ally target, 73% to hit)
You shoot a sling bullet. The sling bullet hits the ogre.
The sling bullet burns the ogre.
The ogre is lightly wounded.
Your fulminant prism explodes!
The blast of energy engulfs the ogre!
The ogre is heavily wounded.
Unknown command.
Unknown command.
Fire: q) +2 sling (flame)
Press: ? - help, Shift-Dir - straight line, f/p - ogre
Aim: an ogre, wielding a +0 giant club (heavily wounded, 73% to hit)
You shoot a sling bullet. The sling bullet hits the ogre.
The sling bullet burns the ogre.
The ogre is heavily wounded.
Unknown command.
Unknown command.
Fire: q) +2 sling (flame)
Press: ? - help, Shift-Dir - straight line, f/p - ogre
Aim: an ogre, wielding a +0 giant club (heavily wounded, 73% to hit)
You shoot a sling bullet. The sling bullet hits the ogre.
The sling bullet burns the ogre.
The ogre is severely wounded.
The ogre hits you with a +0 giant club!!
Ouch! That really hurt!
You die...

#.###....##....#
#..#....# ######
#.....#
##....####
#........###
##..#.......###
##...##).......#
#...####.......#
#@.## ##......#
......O.##
##.....#
........#
##.####
........# #..##
.....|... ##..##
......... ##..##
......... ##..##
..........
#..... #..###


You could see an ogre.

Vanquished Creatures
  An orc wizard (D:3)
  3 gnolls (D:3)
  5 adders
  2 dart slugs
  6 orcs (D:3)
  6 bats
  5 endoplasms
  5 goblins
  8 hobgoblins
  A quokka (D:2)
  3 ball pythons
  5 frilled lizards
  4 kobolds
  3 rats
57 creatures vanquished.

Vanquished Creatures (others)
  A fulminant prism (D:4)
1 creature vanquished.

Grand Total: 58 creatures vanquished

Notes
Turn   | Place    | Note
-------+----------+-------------------------------------------
     0 | D:1      | hikkokomori the Deep Elf Conjurer began the quest for the
                  | Orb.
     0 | D:1      | Reached XP level 1. HP: 10/10 MP: 6/6
   269 | D:1      | Reached XP level 2. HP: 16/16 MP: 1/8
   646 | D:1      | Found Zuoduicy's Magic Scroll Boutique.
   649 | D:1      | Reached skill level 1 in Fighting
   935 | D:2      | Reached XP level 3. HP: 20/20 MP: 5/10
  1584 | D:3      | Found Qud Ela's Antique Armour Boutique.
  1630 | D:2      | Learned a level 2 spell: Searing Ray
  1634 | D:2      | Learned a level 3 spell: Ozocubu's Armour
  1675 | D:3      | Reached skill level 5 in Conjurations
  1769 | D:3      | Reached XP level 4. HP: 26/26 MP: 9/12
  2390 | D:3      | Reached XP level 5. HP: 30/30 MP: 11/14
  2823 | D:4      | Learned a level 4 spell: Fulminant Prism
  2899 | D:4      | Noticed an ogre
  2904 | D:4      | Slain by an ogre

Illustrated notes

Levels and vault maps discovered:
D:1:      ncdulo_watergridlock, layout_basic, serial_shops, shop
D:2:      layout_rooms, wad_woods_river_04
D:3:      layout_loops_ring, serial_shops, shop, skrybe_limestone_x,
          minmay_crystal_room, minmay_misc_feat_four_crosses, patterned_corridor
D:4:      layout_cave_pods, lemuel_mausoleum_altar_yredelemnul,
          nicolae_kite_square_tiling_tiny, uniq_eustachio

Skill      XL: |  1  2  3  4 |
---------------+-------------+-----
Fighting       | 1 2 |  2.2
Spellcasting   | 4 |  4.8
Conjurations   | 5 |  5.4
Ranged Weapons | |  0.1
Dodging        | |  2.4
Stealth        | |  2.4

Action                     |  1- 3 |  4- 6 || total
---------------------------+-------+-------++-------
  Melee: Spear             |    13 |     4 ||    17
         Whip              |       |     7 ||     7
   Fire: Sling             |       |     8 ||     8
   Cast: Magic Dart        |    70 |    28 ||    98
         Searing Ray       |       |     2 ||     2
         Fulminant Prism   |       |     1 ||     1
    Use: Scroll            |     4 |       ||     4
 Armour: Robe              |     9 |    11 ||    20
  Dodge: Dodged            |     8 |     7 ||    15
